 Dungeon Crawl Stone Soup version 0.24.0-13-gcf9b3192b9 (webtiles) character file.

Game seed: 1287950319922349946, levelgen mode: deterministic

353 Iamsoldier the Digger (level 6, 0/48 HPs)
             Began as a Gargoyle Earth Elementalist on Nov 6, 2019.
             Was an Initiate of Vehumet.
             Slain by Edmund the harpy (shapeshifter) (4 damage)
             ... in the Ecumenical Temple.
             The game lasted 00:16:57 (3516 turns).

Iamsoldier the Digger (Gargoyle Earth Elementalist) Turns: 3516, Time: 00:16:58

Health: 0/48       AC: 23    Str: 13    XL:     6   Next: 62%
Magic:  0/12       EV:  2    Int: 18    God:    Vehumet [......]
Gold:   104        SH:  0    Dex: 10    Spells: 4/13 levels left

rFire    . . .     SeeInvis +   l - +5 quarterstaff (chaos)
rCold    . . .     Gourm    .   (shield currently unavailable)
rNeg     + + +     Faith    .   (armour currently unavailable)
rPois    ∞         Spirit   .   (helmet currently unavailable)
rElec    .         Reflect  .   (cloak currently unavailable)
rCorr    .         Harm     .   (gloves currently unavailable)
MR       .....     NoTele   +   (boots currently unavailable)
Stlth    ++........             (no amulet)
HPRegen  0.16/turn              g - ring of wizardry
MPRegen  0.13/turn              (no ring)

@: tree-form (expiring)
A: see invisible, negative energy resistance 1, strong 1, evolution 1,
petrification resistance, rot immunity, AC +4
a: Renounce Religion


You were in the Ecumenical Temple.
You worshipped Vehumet.
Vehumet was noncommittal.
You were not hungry.
You were a tree.
You visited 2 branches of the dungeon, and saw 5 of its levels.

You collected 104 gold pieces.

Inventory:

Hand Weapons
 a - a +0 dagger
 l - a +5 quarterstaff of chaos (weapon)
 p - a +1 scythe of venom
Missiles
 b - 32 stones (quivered)
Armour
 c - a +0 robe (melded)
 m - a +0 cloak of poison resistance (melded)
Jewellery
 g - a ring of wizardry (left branch)
Scrolls
 e - 2 scrolls of teleportation
 h - a scroll of remove curse
 i - a scroll of enchant weapon
Comestibles
 d - 8 rations


   Skills:
 - Level 1.5 Dodging
 - Level 2.1 Stealth
 + Level 4.1 Spellcasting
 + Level 3.3 Conjurations
   Level 0.7 Transmutations
 + Level 5.9 Earth Magic


You had 4 spell levels left.
You knew the following spells:

 Your Spells              Type           Power        Failure   Level  Hunger
a - Sandblast             Erth           ####..       1%          1    None
b - Stone Arrow           Conj/Erth      ###...       2%          3    ###....
c - Lee's Rapid Deconstr  Erth           ####......   14%         5    ######.

Your spell library contained the following spells:

 Spells                   Type           Power        Failure   Level  Hunger
 Passwall                 Tmut/Erth      ###.....     2%          2    ##.....
 Confusing Touch          Hex            #.....       6%          1    None
 Petrify                  Tmut/Erth      ###.....     16%         4    ####...
 Confuse                  Hex            #.......     17%         3    ###....
 Gell's Gravitas          Tloc           #.........   17%         3    ###....
 Yara's Violent Unravell  Hex/Tmut       #.........   77%         5    ######.
 Metabolic Englaciation   Hex/Ice        #.........   82%         5    ######.


Dungeon Overview and Level Annotations

Branches:
Dungeon (4/15)             Temple (1/1) D:4

Altars:
Ashenzari
Cheibriados
Dithmenos
Fedhas
Gozag
Hepliaklqana
Kikubaaqudgha
Nemelex Xobeh
Okawaru
Ru
Trog
Uskayaw
Vehumet
Wu Jian
Xom
Yredelemnul

Annotations:
Temple Edmund


Innate Abilities, Weirdness & Mutations

You are resistant to torment.
((Your stone body is resilient. (AC +4)))
You are immune to poison.
You resist negative energy. (rN+)
((You are resistant to electric shocks. (rElec)))
((You can survive without breathing.))
You are immune to petrification.
You are immune to rotting.
You have supernaturally acute eyesight. (SInv)
Your muscles are strong. (Str +2)
You evolve.


Message History

Edmund says, "A flail is better than a scythe, any day of the week!"
Edmund claws you but does no damage. Edmund claws you.
* * * LOW HITPOINT WARNING * * *
You cannot move.
Casting: Sandblast (safe; 1% risk of failure)
Confirm with . or Enter, or press ? or * to list all spells.
Aiming: Sandblast (safe; 1% risk of failure)
Press: ? - help, Shift-Dir - straight line, f/p - Edmund
Aim: Edmund the harpy shaped shifter (heavily wounded)
The blast of sand hits Edmund.
Edmund is severely wounded.
b - 32 stones Edmund claws you but does no damage. x2
Edmund screeches!
Edmund claws you.
* * * LOW HITPOINT WARNING * * *
Edmund claws you but does no damage.
You cannot move.
Edmund claws you.
You die...

#._.#...#._.#
#...#...#...#
#####...#####
#...+...+...#
#._.#...#._.#
#...#...#...#
######'######
#...#....)..#
#._.+....H♣.#
#...#....[.[#
######'######
#...#...#...#
#._.#...#._.#
#...+...+...#
#####...#####
#...#...#...#
#._.#...#._.#


You could see Edmund the harpy shaped shifter.

Vanquished Creatures
  Sigmund (D:3)
  Crazy Yiuf (D:3)
  2 orc priests
  An orc wizard (Temple)
  2 adders (D:2)
  An ooze (D:1)
  A worm (D:3)
  A dart slug (D:1)
  A leopard gecko (D:3)
  2 orcs
  5 giant cockroaches
  4 goblins
  8 hobgoblins
  6 jackals
  A quokka (D:2)
  2 ball pythons
  9 bats
  6 frilled lizards
  11 kobolds
  5 rats
70 creatures vanquished.

Notes
Turn   | Place    | Note
-------+----------+-------------------------------------------
     0 | D:1      | Iamsoldier the Gargoyle Earth Elementalist began the quest
                  | for the Orb.
     0 | D:1      | Reached XP level 1. HP: 10/10 MP: 3/3
   255 | D:1      | Reached XP level 2. HP: 14/15 MP: 0/5
   272 | D:1      | Reached skill level 4 in Earth Magic
   789 | D:1      | Reached XP level 3. HP: 19/19 MP: 4/6
   794 | D:1      | Learned a level 3 spell: Stone Arrow
  1206 | D:2      | Reached skill level 1 in Conjurations
  1346 | D:2      | Reached XP level 4. HP: 24/24 MP: 6/8
  1353 | D:2      | Found a hide-covered altar of Uskayaw.
  2072 | D:3      | Found a shadowy altar of Dithmenos.
  2073 | D:3      | Found a snail-covered altar of Cheibriados.
  2203 | D:3      | Found a runed translucent door.
  2204 | D:3      | Noticed Crazy Yiuf
  2211 | D:3      | Killed Crazy Yiuf
  2211 | D:3      | Reached skill level 5 in Earth Magic
  2279 | D:3      | Reached XP level 5. HP: 28/28 MP: 7/9
  2286 | D:3      | Learned a level 5 spell: Lee's Rapid Deconstruction
  2360 | D:3      | Noticed Sigmund
  2665 | D:3      | Killed Sigmund
  2665 | D:3      | Reached XP level 6. HP: 23/32 MP: 3/11
  2952 | D:4      | Found a staircase to the Ecumenical Temple.
  2962 | Temple   | Entered the Ecumenical Temple
  2981 | Temple   | Became a worshipper of Vehumet
  3460 | D:4      | Noticed Edmund
  3481 | Temple   | Gained mutation: You evolve. [potion of mutation]
  3481 | Temple   | Gained mutation: You have supernaturally acute eyesight.
                  | (SInv) [potion of mutation]
  3481 | Temple   | Gained mutation: Your muscles are strong. (Str +2) [potion
                  | of mutation]
  3504 | Temple   | Noticed Edmund
  3504 | Temple   | Edmund changed into Edmund the shapeshifter
  3504 | Temple   | Noticed Edmund
  3504 | Temple   | Edmund the shapeshifter changed into Edmund the harpy
  3516 | Temple   | Slain by Edmund the harpy (shapeshifter)

Levels and vault maps discovered:
D:1:      lemuel_arrival_river_ford, layout_basic, minmay_pentomino_z2
D:2:      layout_basic, eat_drink_and_be_merry_uskayaw
D:3:      layout_basic, grunt_temple_overflow_open, first_ration, uniq_sigmund,
          uniq_crazy_yiuf_cottage
D:4:      layout_cave_pools, minmay_temple_entry_large_hall, uniq_edmund
Temple:   nicolae_temple_god_jail

Skill      XL: |  1  2  3  4  5  6 |
---------------+-------------------+-----
Earth Magic    | 4 5 |  5.9
Conjurations   | 1 3 |  3.3
Spellcasting   | 3 4 |  4.1
Dodging        | |  1.5
Stealth        | |  2.1
Transmutations | |  0.7

Action                   |  1- 3 |  4- 6 || total
-------------------------+-------+-------++-------
Melee: Dagger            |   108 |    42 ||   150
       Quarterstaff      |       |    14 ||    14
 Cast: Sandblast         |    32 |    31 ||    63
       Stone Arrow       |       |    12 ||    12
       Lee's Rapid Decon |       |     1 ||     1
  Use: Scroll            |       |     6 ||     6
       Potion            |       |     4 ||     4
 Stab: Sleeping          |     1 |     3 ||     4
  Eat: Chunk             |     2 |     3 ||     5
       Ration            |       |     2 ||     2
Armor: Robe              |    43 |    30 ||    73
       Skin              |       |    46 ||    46
Dodge: Dodged            |    91 |    59 ||   150
